 Dungeon Crawl Stone Soup version 0.29.1-12-g30fa7ad0bf (webtiles) character file.

Game seed: 4030757582988597932

10564 JacoesBerries the Thaumaturge (level 11, -9/57 (60) HPs)
             Began as a Deep Elf Conjurer on Jan 17, 2023.
             Was a Priest of Dithmenos.
             Killed from afar by an orc sorcerer (30 damage)
             ... with a bolt of negative energy
             ... on level 2 of the Orcish Mines on Jan 18, 2023.
             The game lasted 00:57:20 (15702 turns).

JacoesBerries the Thaumaturge (Deep Elf Conjurer)  Turns: 15702, Time: 00:57:20

HP:   -9/57 (60)    AC:  9    Str: 10    XL:     11   Next: 37%
MP:   23/29         EV: 14    Int: 28    God:    Dithmenos [***...]
Gold: 312           SH:  0    Dex: 13    Spells: 14/34 levels left

rFire   . . .      SeeInvis +   k - +1 spear of Dithmenos's Approval {venom, *Noise Will++ SInv Stlth+}
rCold   . . .      Faith    .   (no shield)
rNeg    . . .      Spirit   .   N - +0 robe {Archmagi}
rPois   .          Reflect  .   v - +0 helmet
rElec   .          Harm     .   (no cloak)
rCorr   .          Rampage  .   H - +0 pair of gloves
Will    +++..      Archmagi +   t - +0 pair of boots
Stlth   ++++++....              y - amulet of regeneration
HPRegen 0.99/turn               d - +4 ring of protection
MPRegen 0.21/turn               c - +6 ring of strength

@: wreathed by umbra, drained
A: no striking features
a: Renounce Religion, Shadow Step


You were on level 2 of the Orcish Mines.
You worshipped Dithmenos.
Dithmenos was most pleased with you.
You visited 3 branches of the dungeon, and saw 12 of its levels.
You also visited: Sewer.

You collected 753 gold pieces.
You spent 441 gold pieces at shops.

Inventory:

Hand Weapons
 a - a +2 dagger of venom
 h - a +2 dagger of draining
 k - the +1 spear of Dithmenos's Approval (weapon) {venom, *Noise Will++ SInv Stlth+}
   (You found it on level 2 of the Dungeon)

   It poisons the flesh of those it strikes.
   SInv:      It lets you see invisible.
   *Noise:    It may make noises in combat.
   Will:      It greatly increases your willpower.
   Stlth:     It makes you more stealthy.
 J - a +2 dagger of electrocution
 Q - a +1 vampiric dagger
Missiles
 n - 30 poisoned darts (quivered)
 E - 3 throwing nets
 K - a curare-tipped dart
 P - 2 atropa-tipped darts
Armour
 t - a +0 pair of boots (worn)
 v - a +0 helmet (worn)
 H - a +0 pair of gloves (worn)
 N - a +0 robe of the Archmagi (worn)
Jewellery
 c - a +6 ring of strength (right hand)
 d - a +4 ring of protection (left hand)
 i - a ring of flight
 u - a +6 ring of strength
 y - an amulet of regeneration (around neck)
 G - a ring of protection from cold
Wands
 w - a wand of charming (9)
Scrolls
 e - 6 scrolls of enchant weapon
 m - 3 scrolls of poison
 p - 2 scrolls of magic mapping
 q - a scroll of amnesia
 r - a scroll of summoning {unknown}
 s - 3 scrolls of teleportation
Potions
 b - a potion of might {unknown}
 f - a potion of lignification
 g - 6 potions of haste
 j - 2 potions of heal wounds
 x - a potion of invisibility {unknown}
 z - 2 potions of mutation
 A - 4 potions of curing
 B - a potion of attraction {unknown}
 C - a potion of ambrosia {unknown}
 D - a potion of resistance
 I - a potion of cancellation
 L - a potion of berserk rage {unknown}


   Skills:
 + Level 3.4 Fighting
 + Level 4.4 Polearms
 + Level 4.4 Throwing
 + Level 5.8 Dodging
 + Level 7.9 Stealth
 + Level 12.3 Spellcasting
 + Level 10.0 Conjurations
 + Level 3.4 Hexes
 + Level 5.1 Translocations
 + Level 3.6 Poison Magic
 + Level 0.3 Evocations


You had 14 spell levels left.
You knew the following spells:

 Your Spells              Type           Power      Damage    Failure   Level
a - Magic Dart            Conj           100%       1d8       1%          1
b - Searing Ray           Conj           100%       2d8       1%          2
c - Fulminant Prism       Conj/Hex       35%        3d18      1%          4
d - Iskenderun's Mystic   Conj/Tloc      74%        2d15      1%          4
e - Olgreb's Toxic Radia  Pois           54%        N/A       7%          4
f - Irradiate             Conj/Tmut      30%        3d21      11%         5

Your spell library contained the following spells:

 Spells                   Type           Power      Damage    Failure   Level
 Foxfire                  Conj/Fire      100%       2x1d9     1%          1
 Sting                    Tmut/Pois      100%       1d8       1%          1
 Conjure Flame            Conj/Fire      61%        6-21      1%          3
 Dazzling Flash           Conj/Hex       100%       N/A       1%          3
 Poisonous Vapours        Pois/Air       82%        N/A       2%          2
 Alistair's Intoxication  Tmut/Pois      27%        N/A       38%         5


Dungeon Overview and Level Annotations

Branches:
Dungeon (9/15)             Temple (1/1) D:5            Lair (0/5) D:9
    Orc (2/2) D:9             Elf (0/3) Orc:2         Sewer (visited)

Altars:
Ashenzari
Cheibriados
Dithmenos
Elyvilon
Fedhas
Gozag
Hepliaklqana
Kikubaaqudgha
Makhleb
Nemelex Xobeh
Okawaru
Ru
Sif Muna
Vehumet
Wu Jian
Xom
Yredelemnul
Zin
The Shining One

Shops:
D:1 [   Orc:2 :!

Annotations:
Temple 2 transporters


Message History

You throw a poisoned dart. The poisoned dart hits the rust devil.
The rust devil is severely wounded.
The orc sorcerer mumbles some strange words.
Throw: 31 darts (poison)
Press: ? - help, Q - select action, (/) - cycle Shift-Dir - straight line, f - orc sorcerer, p - rust devil
Aim: an orc sorcerer, wielding a +0 dagger and wearing a +0 robe (53% to hit)
You throw a poisoned dart.
The poisoned dart hits the orc sorcerer.
The orc sorcerer is poisoned.
Casting: Fulminant Prism (dangerous; 1% risk of failure)
Confirm with . or Enter, or press ? or * to list all spells.
Aiming: Fulminant Prism (dangerous; 1% risk of failure)
Press: ? - help, Dir - move target, p - orc sorcerer You feel a surge of power!
You conjure a prism of explosive energy!
A fulminant prism comes into view.
The orc sorcerer casts a spell.
Your fulminant prism crackles loudly.
Your fulminant prism explodes!
The blast of energy engulfs the orc sorcerer!!
The orc sorcerer is almost dead.
The blast of energy engulfs the sixfirhy!!!
You kill the sixfirhy!
The sixfirhy disappears in a puff of smoke!
The blast of energy engulfs the rust devil!!
You kill the rust devil!
The rust devil disappears in a puff of smoke!
The blast of energy engulfs the ynoxinul!!!
You kill the ynoxinul!
The ynoxinul disappears in a puff of smoke!
You hear a shout! x2
An ogre comes into view. It is wielding a +0 giant club.
The orc sorcerer gestures at you while chanting.
The bolt of fire hits you!!!
Ouch! That really hurt!
You emit a cloud of dark smoke.
The orc sorcerer points at you and mumbles some strange words.
The bolt of negative energy hits you!!
You feel drained.
Ouch! That really hurt!
You die...

.......# #≈..≈§...§≈.§§ #...#
....#### #≈...≈≈O≈≈...≈ #####
...#######≈§.8.§≈§.8(.≈ ####
..## #≈≈≈##.....8.....##≈≈§ .##
≈≈...##...(..o.(##..§ .#
###8..##...(...##..8### ## .#
#_.....###§''###....._#≈≈# .#
§.#.......§§§..)........#.≈#
.##§§8.......§§§@.........)8.≈#
..##.........≈§≈§≈≈≈).)))....#
..###........≈#####≈))).....###
.## #'#'###...#####)..###'#'#≈#
.# ≈.... #≈.........≈##.....≈#
###≈§.8. #≈...).....≈##..8..§#
# #§§§.. #§.8.)∩..8.≈##≈....≈##
# ≈§. ###############≈)..≈§§#
≈≈≈≈≈§≈≈≈≈≈≈≈§≈≈..≈≈≈≈#


You could see an orc sorcerer (poisoned) and an ogre.

Vanquished Creatures
  2 ogre magi (Orc:2)
  7 orc sorcerers (Orc:2)
  4 yaks (D:9)
  2 wargs (Orc:2)
  4 water moccasins
  A sky beast (D:8)
  4 ice beasts
  6 orc warriors
  A black bear (D:9)
  2 centaurs
  5 ogres
  A phantom (D:4)
  7 kobold brigands
  A necrophage (D:8)
  3 bullfrogs
  3 scorpions
  4 wights (D:8)
  2 killer bees (D:9)
  A howler monkey (D:8)
  4 hounds
  A jelly (D:5)
  A gnoll bouda (D:5)
  4 orc priests
  A human skeleton (D:5)
  An iguana (D:5)
  Terence (D:2)
  Natasha (thrice) (D:3)
  40 orc wizards
  Robin (D:3)
  11 gnolls
  5 adders
  A river rat (Sewer)
  A shadow imp (D:5)
  A white imp (D:7)
  An ufetubus (D:5)
  2 worms (D:3)
  2 dart slugs
  60 orcs
  4 bats
  5 endoplasms
  6 giant cockroaches
  17 goblins
  10 hobgoblins
  6 jackals
  21 kobolds
  6 quokkas
  10 ball pythons
  3 frilled lizards
  4 rats
293 creatures vanquished.

Vanquished Creatures (collateral kills)
  A two-headed ogre (Orc:2)
  An orc priest (Orc:2)
2 creatures vanquished.

Vanquished Creatures (others)
  24 fulminant prisms
  56 fungi (D:9)
  79 plants
159 creatures vanquished.

Grand Total: 454 creatures vanquished

Notes
Turn   | Place    | Note
-------+----------+-------------------------------------------
     0 | D:1      | JacoesBerries the Deep Elf Conjurer began the quest for the
                  | Orb.
     0 | D:1      | Reached XP level 1. HP: 10/10 MP: 6/6
   143 | D:1      | Reached XP level 2. HP: 15/15 MP: 1/8
   266 | D:1      | Found Vofyost's Armour Boutique.
   366 | D:1      | Learned a level 2 spell: Searing Ray
   396 | D:1      | Reached skill level 5 in Conjurations
   711 | D:1      | Reached XP level 3. HP: 19/19 MP: 7/9
  1124 | D:2      | Identified the +1 spear of Dithmenos's Approval {venom,
                  | *Noise Will++ SInv Stlth+}
  1391 | D:2      | Noticed Terence
  1714 | D:3      | Noticed Natasha
  1731 | D:3      | Killed Natasha
  1732 | D:3      | Reached XP level 4. HP: 24/24 MP: 5/11
  1806 | D:3      | Found a sparkling altar of Nemelex Xobeh.
  1809 | D:3      | Found a shimmering altar of Xom.
  1810 | D:3      | Found a glowing golden altar of the Shining One.
  1819 | D:3      | Found a glowing drain.
  1856 | Sewer    | Entered a sewer
  2025 | Sewer    | Noticed a kobold brigand
  2034 | Sewer    | Learned a level 4 spell: Fulminant Prism
  2051 | Sewer    | Killed a kobold brigand
  2052 | Sewer    | Reached skill level 4 in Spellcasting
  2052 | Sewer    | Reached XP level 5. HP: 28/28 MP: 0/13
  2094 | Sewer    | Reached skill level 5 in Spellcasting
  2192 | Sewer    | Reached XP level 6. HP: 32/32 MP: 0/16
  2334 | Sewer    | Reached skill level 6 in Spellcasting
  2654 | Sewer    | Reached skill level 1 in Hexes
  2837 | Sewer    | Reached XP level 7. HP: 36/36 MP: 14/18
  3502 | D:3      | Learned a level 4 spell: Iskenderun's Mystic Blast
  3507 | D:3      | Learned a level 4 spell: Olgreb's Toxic Radiance
  3675 | D:3      | Noticed Robin
  3678 | D:3      | Killed Robin
  3748 | D:3      | Noticed Natasha
  3751 | D:3      | Killed Natasha
  3816 | D:3      | Noticed Natasha
  3821 | D:3      | Killed Natasha
  4369 | D:2      | Killed Terence
  5302 | D:3      | Found the +2 ratskin cloak {*Rats rPois rN+ Str-1 Int-1
                  | Dex+1}
  5681 | D:3      | Found a shimmering blue altar of Sif Muna.
  5885 | D:4      | Reached skill level 1 in Polearms
  6383 | D:4      | Reached skill level 5 in Stealth
  6627 | D:4      | Reached skill level 7 in Spellcasting
  6997 | D:5      | Entered Level 5 of the Dungeon
  7199 | D:5      | Reached XP level 8. HP: 19/41 MP: 0/20
  7443 | D:4      | Reached skill level 1 in Translocations
  8506 | D:5      | Reached skill level 1 in Fighting
  8815 | D:5      | Found a runed translucent door.
  8819 | D:5      | Found a basalt altar of Yredelemnul.
  8997 | D:5      | Found a staircase to the Ecumenical Temple.
  9024 | Temple   | Entered the Ecumenical Temple
  9024 | Temple   | Found a transporter.
  9024 | Temple   | Found a transporter.
  9113 | Temple   | Found a transporter.
  9113 | Temple   | Found a transporter.
  9134 | Temple   | Became a worshipper of Dithmenos the Shadowed
  9238 | D:6      | Reached skill level 8 in Spellcasting
 10166 | D:6      | Reached XP level 9. HP: 47/47 MP: 18/23
 12024 | D:8      | Reached * piety under Dithmenos
 12268 | D:8      | Reached skill level 1 in Throwing
 12270 | D:8      | Reached skill level 9 in Spellcasting
 13207 | D:9      | Reached skill level 10 in Spellcasting
 13207 | D:9      | Reached skill level 1 in Poison Magic
 13221 | D:9      | Reached XP level 10. HP: 54/54 MP: 6/26
 13286 | D:9      | Found a staircase to the Orcish Mines.
 13678 | Orc:1    | Entered Level 1 of the Orcish Mines
 13900 | Orc:2    | Entered Level 2 of the Orcish Mines
 13900 | Orc:2    | Noticed a two-headed ogre
 13906 | Orc:2    | Killed a two-headed ogre
 13920 | Orc:2    | Reached ** piety under Dithmenos
 14122 | Orc:2    | Reached skill level 5 in Dodging
 14223 | Orc:2    | Found a staircase to the Elven Halls.
 14285 | Orc:2    | Reached skill level 11 in Spellcasting
 14509 | Orc:2    | Noticed an orc sorcerer
 14515 | Orc:2    | Noticed an orc sorcerer
 14517 | Orc:2    | Killed an orc sorcerer
 14521 | Orc:2    | Noticed a sixfirhy
 14526 | Orc:2    | Killed an orc sorcerer
 14608 | Orc:2    | Found Weudevoa's Distillery.
 14609 | Orc:2    | Noticed an orc sorcerer
 14610 | Orc:2    | Noticed an ogre mage
 14625 | Orc:2    | Killed an orc sorcerer
 14647 | Orc:2    | Killed an ogre mage
 14648 | Orc:2    | Reached skill level 5 in Translocations
 14648 | Orc:2    | Reached XP level 11. HP: 47/60 MP: 4/28
 14698 | Orc:2    | Reached *** piety under Dithmenos
 15011 | Orc:2    | Bought a potion of curing for 45 gold pieces
 15026 | Orc:2    | Noticed an orc sorcerer
 15037 | Orc:2    | Noticed an orc sorcerer
 15039 | Orc:2    | Killed an orc sorcerer
 15046 | Orc:2    | Killed an orc sorcerer
 15257 | Orc:2    | Found an ancient bone altar of Kikubaaqudgha.
 15257 | Orc:2    | Noticed an orc sorcerer
 15266 | Orc:2    | Killed an orc sorcerer
 15267 | Orc:2    | Reached skill level 12 in Spellcasting
 15268 | Orc:2    | Found Cissal's Book Shop.
 15272 | Orc:2    | Noticed an orc sorcerer
 15283 | Orc:2    | Killed an orc sorcerer
 15341 | Orc:2    | Noticed an ogre mage
 15353 | Orc:2    | Killed an ogre mage
 15354 | Orc:2    | Reached skill level 10 in Conjurations
 15668 | Orc:2    | Bought Xaghevus's Tome of Amorphous Incandescence for 396
                  | gold pieces
 15674 | Orc:2    | Learned a level 5 spell: Irradiate
 15678 | Orc:2    | Found a radiant altar of Vehumet.
 15691 | Orc:2    | Noticed an orc sorcerer
 15699 | Orc:2    | Noticed a sixfirhy
 15702 | Orc:2    | Killed from afar by an orc sorcerer

Illustrated notes

Levels and vault maps discovered:
D:1:      spicycebolla_green_bress_n_ham_2, layout_basic, serial_shops,
          nicolae_shop_crystal
D:2:      minmay_chambers_of_ones, layout_loops_corners, serial_bayou_ford_a,
          uniq_terence
D:3:      layout_basic, grunt_temple_overflow_open,
          nicolae_sif_muna_little_library, cheibrodos_sewer_entry_drain,
          uniq_natasha, uniq_robin
D:4:      layout_loops_corners
D:5:      layout_basic, dk_yredelemnul_ordeal,
          minmay_temple_entry_gardened_gates
D:6:      layout_basic, dreamdust_princess_bridge
D:7:      layout_loops_ring
D:8:      layout_gridville
D:9:      layout_loops_ring, mainiacjoe_overflow_six_doors_small,
          due_lair_maze_entry_diamond, orc_0_dummy
Temple:   hellmonk_temple_divided_pantheon
Orc:1:    layout_diamond_mine, nicolae_orc_crystal_geode
Orc:2:    kennysheep_orc_mage_school, layout_caves, serial_shops,
          nicolae_shop_bloodbath_and_beyond, nicolae_volcano_entry_hallway

Skill      XL: |  1  2  3  4  5  6  7  8  9 10 11 |
---------------+----------------------------------+-----
Conjurations   | 5 6 7 8 9 10 | 10.0
Stealth        | 3 5 6 7 |  7.9
Spellcasting   | 4 5 6 7 8 10 11 12 | 12.3
Dodging        | 3 4 5 |  5.8
Hexes          | 1 2 3 |  3.4
Polearms       | 1 2 3 4 |  4.4
Translocations | 2 3 5 |  5.1
Fighting       | 1 2 3 |  3.4
Throwing       | 1 3 4 |  4.4
Poison Magic   | 1 3 |  3.6
Evocations     | |  0.3

Action                   |  1- 3 |  4- 6 |  7- 9 | 10-12 || total
-------------------------+-------+-------+-------+-------++-------
Melee: Dagger            |     2 |       |       |       ||     2
       Spear             |     6 |    14 |   123 |    59 ||   202
       Punch             |       |       |     1 |       ||     1
Throw: Dart              |       |     5 |    12 |    31 ||    48
 Cast: Magic Dart        |    70 |    19 |    68 |     3 ||   160
       Searing Ray       |     1 |     8 |    51 |    24 ||    84
       Fulminant Prism   |       |     6 |     7 |    11 ||    24
       Iskenderun's Myst |       |       |    34 |    22 ||    56
       Olgreb's Toxic Ra |       |       |     4 |     6 ||    10
Evoke: Wand              |       |       |       |     1 ||     1
  Use: Scroll            |     1 |     1 |     6 |     3 ||    11
       Potion            |       |     3 |     2 |     1 ||     6
 Stab: Sleeping          |     1 |       |    14 |       ||    15
Armor: Robe              |     7 |     2 |    55 |    25 ||    89
Dodge: Dodged            |    20 |     9 |    96 |    61 ||   186
